[Event "Late-Titled-Tuesday-Blitz-February-06-2024"]
[Site "Chess.com"]
[Date "2024.02.06"]
[Round "5"]
[White "messiboca"]
[Black "giomar27"]
[Result "1-0"]
[WhiteElo "2773"]
[BlackElo "2441"]
[TimeControl "180+1"]
[EndTime "14:53:40 PST"]
[Termination "messiboca won by resignation"]

1. c4 g6 2. Nc3 Bg7 3. d4 c5 4. d5 Bxc3+ 5. bxc3 e5 6. d6 Nf6 7. g3 Qa5 8. Bg2 Qxc3+ 9. Bd2 Qd4 10. Bg5 Qxd1+ 11. Rxd1 Ng8 12. Nf3 Nc6 13. Nd2 h6 14.
Be3 Nd4 15. Nb3 Nc2+ 16. Kd2 Nxe3 17. fxe3 f5 18. Nxc5 Nf6 19. e4 Rb8 20. exf5 b6 21.
Nd3 e4 22. Ne5 gxf5 23. Rhf1 O-O 24. Rxf5 Ba6 25. Rdf1 Kg7 26. Ke3 Rbc8 27. Kd4 e3 28. g4 b5 29. c5 b4 30. g5 hxg5 31. Rxg5+ Kh6 32. Rg6+ Kh7 33. Rfxf6 Rxf6 34. Rxf6 Rg8 35. Be4+ Kh8 36. Rh6+ Kg7 37. Rh7+ Kf8 38. Nxd7+ Ke8 39. Nf6+ Kd8 1-0

[Event "Late-Titled-Tuesday-Blitz-February-06-2024"]
[Site "Chess.com"]
[Date "2024.02.06"]
[Round "5"]
[White "Adar_07"]
[Black "wanyaland"]
[Result "1-0"]
[WhiteElo "2711"]
[BlackElo "2483"]
[TimeControl "180+1"]
[EndTime "14:53:45 PST"]
[Termination "Adar_07 won by resignation"]

1. e4 c5 2. Nf3 e6 3. d4 cxd4 4.
Nxd4 Nc6 5. Nc3 Qc7 6. Be3 a6 7. Qf3 b5 8. Nxc6 dxc6 9. O-O-O Bb7 10. Qg3 Qxg3 11. hxg3 c5 12. Nxb5 Rc8 13. Nd6+ Bxd6 14. Rxd6 Ke7 15. e5 Nh6 16. Bxa6 Bxg2 17. Bxh6 Bxh1 18.
Bxg7 f5 19. Bf6+ Kf7 20. Rd7+ Kg6 21. Rg7+ Kh6 22. g4 Ra8 23. g5+ Kh5 24. Be2+ Kh4 25. g6+ Kh3 26. Rxh7+ Rxh7 27. gxh7 Kg2 28. Bc4 Kxf2 29. Bxe6 f4 30. Bg8 1-0

[Event "Late-Titled-Tuesday-Blitz-February-06-2024"]
[Site "Chess.com"]
[Date "2024.02.06"]
[Round "5"]
[White "KorolDimitriy75"]
[Black "StellarChess"]
[Result "1-0"]
[WhiteElo "2395"]
[BlackElo "2559"]
[TimeControl "180+1"]
[EndTime "14:53:46 PST"]
[Termination "KorolDimitriy75 won by resignation"]

1. d4 Nf6 2. c4 g6 3. Nc3 Bg7 4.
e4 d6 5. Nf3 O-O 6. Be2 e5 7.
dxe5 dxe5 8. Qxd8 Rxd8 9. Bg5 Re8 10. O-O-O c6 11. Nxe5 Nxe4 12. Nxe4 Bxe5 13. f4 Bg7 14. Bf3 Bf5 15. Nd6 Rf8 16. Be7 Bh6 17. g3 Be6 18. Bxf8 Bxf8 19. Nxb7 Na6 20. Rd8 Rxd8 21. Nxd8 Bxc4 22.
Nxc6 Bxa2 23. Nxa7 Nb4 24. Nc6 Nd3+ 25. Kc2 Nf2 26. Rf1 Bc5 27. b3 Kg7 28. Ra1 Bxb3+ 29. Kxb3 Bd6 30. Kc4 h5 31. Rf1 Nh3 32. Bg2 1-0

[Event "Late-Titled-Tuesday-Blitz-February-06-2024"]
[Site "Chess.com"]
[Date "2024.02.06"]
[Round "5"]
[White "Onthequiet"]
[Black "CarlosjPineror"]
[Result "1-0"]
[WhiteElo "2472"]
[BlackElo "2685"]
[TimeControl "180+1"]
[EndTime "14:53:48 PST"]
[Termination "Onthequiet won by resignation"]

1. d4 Nf6 2. Nf3 e6 3. Bg5 c5 4.
c3 h6 5. Bh4 d5 6. e3 a6 7. a4 Be7 8. Nbd2 Nc6 9. Be2 Ne4 10.
Bxe7 Qxe7 11. Nxe4 dxe4 12. Nd2 f5 13. h4 O-O 14. g3 Bd7 15. a5 cxd4 16. cxd4 Nb4 17. O-O g5 18. hxg5 hxg5 19. Nc4 Bb5 20. Ne5 Bxe2 21. Qxe2 Kg7 22. Kg2 g4 23. Rh1 Rh8 24. Qc4 Nd5 25. Rxh8 Rxh8 26. Rh1 Rxh1 27. Kxh1 Qb4 28.
Qc8 Qe1+ 29. Kg2 Nxe3+ 30. fxe3 Qe2+ 31. Kh1 Qf1+ 32. Kh2 Qh3+ 33. Kg1 Qxg3+ 34. Kh1 Qh3+ 35. Kg1 Qxe3+ 36. Kh1 Qh3+ 37. Kg1 e3 38. Qd7+ Kf6 39. Qd8+ Kg7 40. Qe7+ Kh6 41. Qxe6+ Kg5 42. Nf7+ Kf4 43. Qe5+ Kf3 44. Ng5+ Ke2 45. Nxh3 gxh3 46. Qxf5 Kd2 47. Qe4 e2 1-0

[Event "Late-Titled-Tuesday-Blitz-February-06-2024"]
[Site "Chess.com"]
[Date "2024.02.06"]
[Round "5"]
[White "ljuks68"]
[Black "Mazetovic"]
[Result "0-1"]
[WhiteElo "2432"]
[BlackElo "2614"]
[TimeControl "180+1"]
[EndTime "14:53:49 PST"]
[Termination "Mazetovic won on time"]

1. e4 c5 2. Nf3 Nc6 3. d4 cxd4 4. Nxd4 g6 5. c4 Bg7 6. Be3 Nf6 7. Nc3 O-O 8. Be2 d6 9. O-O Bd7 10. Qd2 Nxd4 11.
Bxd4 Bc6 12. f3 a5 13. b3 Nd7 14. Be3 Nc5 15. Rab1 Be5 16. f4 Bxc3 17. Qxc3 Nxe4 18.
Qd4 f5 19. a3 Qc7 20. b4 e5 21.
Qb2 axb4 22. axb4 b6 23. c5 bxc5 24. bxc5 exf4 25. cxd6 Qf7 26. Bxf4 Ra2 0-1

[Event "Late-Titled-Tuesday-Blitz-February-06-2024"]
[Site "Chess.com"]
[Date "2024.02.06"]
[Round "5"]
[White "DavidGavrilescu18"]
[Black "GiorgianBarbosa"]
[Result "1-0"]
[WhiteElo "2781"]
[BlackElo "2482"]
[TimeControl "180+1"]
[EndTime "14:53:51 PST"]
[Termination "DavidGavrilescu18 won by checkmate"]

1. e4 c5 2. Nf3 g6 3. c3 Bg7 4. d4 cxd4 5. cxd4 d5 6. e5 Bg4 7.
Bb5+ Nc6 8. Bxc6+ bxc6 9. Nbd2 e6 10. O-O Ne7 11. b3 O-O 12. Ba3 Qd7 13. h3 Bxf3 14. Nxf3 f6 15. Re1 fxe5 16. Nxe5 Bxe5 17. Rxe5 Rf5 18.
Qe2 Rxe5 19. Qxe5 Nf5 20. Re1 Re8 21. g4 Nh6 22. Re3 Nf7 23. Qf6 e5 24. dxe5 Re6 25.
Qf4 d4 26. Rd3 Rxe5 27. Rxd4 Re1+ 28. Kh2 Qe8 29. Bb2 Re2 30. Bc3 Qe5 31. Rd8+ Kg7 32. Bxe5+ Nxe5 33. Qf8# 1-0

[Event "Late-Titled-Tuesday-Blitz-February-06-2024"]
[Site "Chess.com"]
[Date "2024.02.06"]
[Round "5"]
[White "Rawnsdale"]
[Black "lachesisQ"]
[Result "0-1"]
[WhiteElo "2519"]
[BlackElo "3059"]
[TimeControl "180+1"]
[EndTime "14:53:51 PST"]
[Termination "lachesisQ won on time"]

1. Nf3 g6 2. g3 Bg7 3. d4 d5 4. Bg2 c6 5. O-O Nf6 6. c4 dxc4 7. a4 h6 8. Na3 Be6 9. Ne5 O-O 10. Naxc4 Na6 11. e4 Nb4 12. Be3 a5 13. Rc1 Kh7 14. Qe2 Bxc4 15. Qxc4 e6 16. Rfd1 Nd7 17. Nxd7 Qxd7 18.
d5 exd5 19. exd5 cxd5 20. Bxd5 Bxb2 21. Rb1 Bg7 22. Bg2 Qxa4 23. Bxb7 Rab8 24. Bg2 Rbc8 25. Qf4 Qb5 26. h4 h5 27. g4 Rc4 28. Qf3 Rxg4 29. Bg5 Qc5 30. Kh2 Nc2 31. Bh3 Qe5+ 0-1

[Event "Late-Titled-Tuesday-Blitz-February-06-2024"]
[Site "Chess.com"]
[Date "2024.02.06"]
[Round "5"]
[White "bilelou"]
[Black "Arteler"]
[Result "1-0"]
[WhiteElo "2745"]
[BlackElo "2512"]
[TimeControl "180+1"]
[EndTime "14:53:52 PST"]
[Termination "bilelou won by resignation"]

1. e4 e6 2. d4 d5 3. e5 c5 4. c3 Qb6 5. g3 Nc6 6. Ne2 Nh6 7. Bh3 Nf5 8. Bxf5 exf5 9. O-O Be6 10. a3 cxd4 11. cxd4 Be7 12. Nbc3 O-O 13. b4 Rac8 14. Be3 Qd8 15. Qd2 g5 16. f4 g4 17. Rfc1 Nb8 18. Na4 Nd7 19. Nc5 b5 20. Qd3 Qb6 21. Nc3 a6 22. Nxd7 Bxd7 23. Nxd5 Qd8 24. Nxe7+ Qxe7 25. d5 Rfd8 26. Bc5 Qe8 27. Bd6 Rxc1+ 28. Rxc1 Bc8 29.
Qd4 Bb7 30. Kf2 Rc8 31. Rc5 h5 32. Qc3 Kh7 33. Rxc8 Qxc8 34. Qxc8 Bxc8 35. Ke3 Kg6 36. Be7 f6 37. Bxf6 Bb7 38. Kd4 Kf7 39. Bh4 Ba8 40. Kc5 Bb7 41. Kd6 Ba8 42. Bg5 Bb7 43. e6+ Ke8 44. Bh4 Ba8 45. Ke5 Bb7 46. d6 1-0

[Event "Late-Titled-Tuesday-Blitz-February-06-2024"]
[Site "Chess.com"]
[Date "2024.02.06"]
[Round "5"]
[White "sotochess"]
[Black "youngdinousaur"]
[Result "1-0"]
[WhiteElo "2548"]
[BlackElo "2337"]
[TimeControl "180+1"]
[EndTime "14:53:55 PST"]
[Termination "sotochess won by resignation"]

1. e4 c5 2. Nf3 e6 3. g3 Nc6 4.
Bg2 g6 5. d4 cxd4 6. Nxd4 a6 7.
O-O Bg7 8. Nb3 Nge7 9. c4 O-O 10. c5 b6 11. cxb6 d5 12. exd5 Nxd5 13. Nc3 Nxc3 14. bxc3 Qxb6 15. Qd6 Bb7 16. Be3 Qd8 17. Rad1 Be5 18.
Qxe5 Nxe5 19. Rxd8 Raxd8 20. Bxb7 Rd3 21. Bd4 Nf3+ 22.
Bxf3 Rxf3 23. Kg2 Rd3 24. Re1 h5 25. Re5 Re8 26. Ra5 f6 27. Nc5 Rd2 28. Rxa6 e5 29. Be3 Rc2 30. Ne4 Rf8 31. Nxf6+ Kg7 32. Ne4 1-0

[Event "Late-Titled-Tuesday-Blitz-February-06-2024"]
[Site "Chess.com"]
[Date "2024.02.06"]
[Round "5"]
[White "prime-morty"]
[Black "rezamahdavi2008"]
[Result "0-1"]
[WhiteElo "2581"]
[BlackElo "2835"]
[TimeControl "180+1"]
[EndTime "14:53:57 PST"]
[Termination "rezamahdavi2008 won by resignation"]

1. c4 e5 2. Nc3 Nf6 3. Nf3 e4 4. Ng5 c6 5. d3 exd3 6. Qxd3 d5 7. cxd5 cxd5 8. Bf4 Nc6 9. e3 Qb6 10.
Qb5 Bb4 11. Rc1 O-O 12. Qxb6 axb6 13. a3 Bxc3+ 14. Rxc3 d4 15. exd4 Nd5 16. Bd2 Re8+ 17. Kd1 Nxc3+ 18. Bxc3 Nxd4 19. Bc4 Bg4+ 20. f3 Bh5 21.
Re1 Red8 22. Kc1 Rac8 23. Ba2 Nb5 24. Re3 Bg6 25. Nh3 Bd3 26. Nf4 Nxc3 27. bxc3 Rxc3+ 28. Kb2 Rc2+ 29. Kb3 Rd2 30. Kc3 Rxa2 31. Nxd3 Rxa3+ 32. Kc4 b5+ 0-1

[Event "Late-Titled-Tuesday-Blitz-February-06-2024"]
[Site "Chess.com"]
[Date "2024.02.06"]
[Round "5"]
[White "carloseduar100"]
[Black "betta2004"]
[Result "0-1"]
[WhiteElo "2341"]
[BlackElo "2547"]
[TimeControl "180+1"]
[EndTime "14:53:57 PST"]
[Termination "betta2004 won by checkmate"]

1. d4 Nf6 2. Bg5 e6 3. e4 h6 4. Bxf6 Qxf6 5. c3 d6 6. Nf3 g5 7.
e5 Qe7 8. exd6 cxd6 9. Bb5+ Bd7 10. Qe2 Bg7 11. Nbd2 O-O 12. Bd3 Nc6 13. h4 g4 14.
Ng1 f5 15. O-O-O Qf6 16. f3 g3 17. Nh3 e5 18. Bc4+ Kh8 19. dxe5 Nxe5 20. Bb3 Rfe8 21.
Nf4 Ng4 22. Qc4 Ne3 23. Nh5 Qe5 24. Qf7 Nxd1 25. Re1 Re7 26. Qg6 Qxe1 27. Nf6 Ne3+ 28. Bd1 Qxd1# 0-1

[Event "Late-Titled-Tuesday-Blitz-February-06-2024"]
[Site "Chess.com"]
[Date "2024.02.06"]
[Round "5"]
[White "hakanazeri2"]
[Black "lucliasco"]
[Result "0-1"]
[WhiteElo "2633"]
[BlackElo "2878"]
[TimeControl "180+1"]
[EndTime "14:53:58 PST"]
[Termination "lucliasco won by resignation"]

1. Nf3 d5 2. d4 Nf6 3. c4 dxc4 4. e3 Bg4 5. Bxc4 e6 6. O-O Nc6 7. h3 Bh5 8. Nc3 Bd6 9. Be2 O-O 10. Nd2 Bxe2 11. Qxe2 e5 12. d5 Nb4 13. e4 Nc2 14. Rb1 Nd4 15. Qd3 c5 16. Nc4 Nh5 17. Ne2 b5 18.
Nxd6 Qxd6 19. Nxd4 cxd4 20. Qxb5 Qg6 21. Qd3 f5 22.
exf5 Rxf5 23. g4 Raf8 24. Bd2 Nf4 25. Bxf4 Rxf4 26. Qxg6 hxg6 27. Rbc1 e4 28. d6 Rd8 29. Rc6 d3 30. Re1 Kf7 31. Rc7+ Ke6 32. Rxg7 Kxd6 33. Rxg6+ Kd5 34. h4 Kd4 35. h5 d2 36. Rd1 Kd3 37.
h6 Ke2 38. Rf1 d1=Q 39. Rxd1 Rxd1+ 40. Kg2 Rxf2+ 41. Kg3 Rh1 42. g5 e3 43. Re6 Rg1+ 44. Kh3 Rxg5 45. h7 Rh5+ 0-1

[Event "Late-Titled-Tuesday-Blitz-February-06-2024"]
[Site "Chess.com"]
[Date "2024.02.06"]
[Round "5"]
[White "Bala-Afiada"]
[Black "Laico"]
[Result "0-1"]
[WhiteElo "2021"]
[BlackElo "2375"]
[TimeControl "180+1"]
[EndTime "14:53:59 PST"]
[Termination "Laico won by resignation"]

1. d4 e6 2. Nf3 f5 3. g3 b6 4. Bg2 Bb7 5. O-O Nf6 6. c4 Be7 7. b3 O-O 8. Ba3 d6 9. Nc3 Ne4 10. Qc2 Nxc3 11. Qxc3 Bf6 12. Qc2 Be4 13. Qd2 Nd7 14.
Rad1 Qe8 15. Bb2 Qh5 16. d5 e5 17. b4 f4 18. gxf4 exf4 19. Bxf6 Rxf6 20. Qd4 Re8 21. Nd2 Bxg2 22. Kxg2 Rxe2 23. Qd3 Ne5 24. Qe4 Rxe4 25. Nxe4 f3+ 26. Kh1 Ng4 0-1

[Event "Late-Titled-Tuesday-Blitz-February-06-2024"]
[Site "Chess.com"]
[Date "2024.02.06"]
[Round "5"]
[White "norwaytoadog"]
[Black "Franmu14"]
[Result "0-1"]
[WhiteElo "2234"]
[BlackElo "2755"]
[TimeControl "180+1"]
[EndTime "14:53:59 PST"]
[Termination "Franmu14 won on time"]

1. e4 e5 2. Nf3 Nc6 3. Bb5 a6 4. Ba4 Nge7 5. c3 g6 6. d4 exd4 7. cxd4 Bg7 8. d5 b5 9. Bb3 Na5 10. Bd2 Nxb3 11. Qxb3 O-O 12. Bc3 d6 13. Nbd2 a5 14. Bxg7 Kxg7 15. Rc1 b4 16. h4 Ba6 17. h5 Qd7 18. Qe3 Ng8 19. Nd4 Rae8 20. Rc6 Bb7 21. Qg5 Bxc6 22. dxc6 Re5 23. Nf5+ Qxf5 24. h6+ Kh8 25.
Qxf5 gxf5 26. f4 Re6 27. Nf3 fxe4 28. Ng5 Rxh6 0-1

[Event "Late-Titled-Tuesday-Blitz-February-06-2024"]
[Site "Chess.com"]
[Date "2024.02.06"]
[Round "5"]
[White "masterofpuppets2"]
[Black "Akhayan"]
[Result "0-1"]
[WhiteElo "2502"]
[BlackElo "2386"]
[TimeControl "180+1"]
[EndTime "14:54:00 PST"]
[Termination "Akhayan won on time"]

1. e4 c5 2. c3 e6 3. Nf3 Nc6 4. d4 d5 5. exd5 exd5 6. Bb5 Nf6 7. O-O Be7 8. dxc5 O-O 9. Be3 Bg4 10. h3 Bh5 11.
Nbd2 a6 12. Be2 h6 13. b4 Re8 14. Re1 Bf8 15. Nd4 Bxe2 16. Rxe2 Nxd4 17. Bxd4 Qd7 18. Bxf6 gxf6 19. Nf3 Re6 20. Rd2 Rae8 21. Rxd5 Qb5 22. Nd4 Re1+ 23. Qxe1 Rxe1+ 24. Rxe1 Qc4 25. Rd8 Qxc3 26.
Re3 Qa1+ 27. Kh2 Kh7 28. Rxf8 Qxd4 29. Rxf7+ Kg6 30. Rxb7 Qf4+ 31. Rg3+ Kf5 32. Rb6 Ke5 33. Rd6 h5 0-1

[Event "Late-Titled-Tuesday-Blitz-February-06-2024"]
[Site "Chess.com"]
[Date "2024.02.06"]
[Round "5"]
[White "GoValya"]
[Black "RantomOpening"]
[Result "1/2-1/2"]
[WhiteElo "2280"]
[BlackElo "2504"]
[TimeControl "180+1"]
[EndTime "14:54:04 PST"]
[Termination "Game drawn by repetition"]

1. d4 d5 2. g3 e6 3. Bg2 Nf6 4. Nf3 c5 5. O-O cxd4 6. Nxd4 e5 7. Nb3 Be6 8. Bg5 Nbd7 9. Nc3 Be7 10. e4 d4 11. Ne2 h6 12. Bxf6 Nxf6 13. h3 O-O 14. f4 exf4 15. Nxf4 Bxb3 16. axb3 Bc5 17. Nd3 Bb6 18. Qf3 Nd7 19. e5 Rb8 20. Qf5 Qe7 21.
Rae1 Rbe8 22. Bd5 Bc7 23. Nf4 Nxe5 24. Ng6 Nxg6 25. Rxe7 Rxe7 26. Qxg6 Bb6 27. Kg2 Re2+ 28. Rf2 Rxf2+ 29. Kxf2 d3+ 30. Ke1 dxc2 31. Qxc2 Re8+ 32. Kf1 Re7 33. Qc8+ Kh7 34. Qf5+ Kg8 35. Kg2 Re2+ 36. Kf1 Re7 37. Qc8+ Kh7 38. Qf5+ Kg8 1/2-1/2

[Event "Late-Titled-Tuesday-Blitz-February-06-2024"]
[Site "Chess.com"]
[Date "2024.02.06"]
[Round "5"]
[White "GHANDEEVAM2003"]
[Black "ContrVersia"]
[Result "1-0"]
[WhiteElo "3042"]
[BlackElo "2845"]
[TimeControl "180+1"]
[EndTime "14:54:06 PST"]
[Termination "GHANDEEVAM2003 won on time"]

1. c4 c6 2. Nf3 Nf6 3. e3 d5 4. b3 Bg4 5. Bb2 e6 6. h3 Bh5 7. Be2 Nbd7 8. O-O Bd6 9. d4 O-O 10. Nbd2 Ne4 11. Nxe4 dxe4 12. Nd2 Bxe2 13. Qxe2 f5 14.
c5 Bc7 15. b4 Nf6 16. b5 Nd5 17. Rab1 Qg5 18. f4 Qg3 19. Rfe1 g5 20. Nf1 Qh4 21. fxg5 Qxg5 22. Kh1 Rf7 23. bxc6 bxc6 24. Qa6 Rg7 25. Re2 Qh5 26. Rbe1 f4 27. Qxc6 Re8 28. exf4 Nxf4 29.
Qxe4 Nxe2 30. Rxe2 Rf8 31. Qxe6+ Kh8 32. Nh2 Bxh2 33.
Kxh2 Rfg8 34. d5 1-0

[Event "Late-Titled-Tuesday-Blitz-February-06-2024"]
[Site "Chess.com"]
[Date "2024.02.06"]
[Round "5"]
[White "Dedic8"]
[Black "Payyappat"]
[Result "0-1"]
[WhiteElo "2855"]
[BlackElo "2527"]
[TimeControl "180+1"]
[EndTime "14:54:06 PST"]
[Termination "Payyappat won by resignation"]

1. d4 Nf6 2. c4 c5 3. Nc3 e6 4. d5 exd5 5. cxd5 d6 6. e4 g6 7. h3 Bg7 8. Nf3 O-O 9. Bd3 b5 10. Nxb5 Nxe4 11. Bxe4 Re8 12. Ng5 h6 13. Ne6 fxe6 14.
dxe6 Qa5+ 15. Bd2 Qxb5 16. Bxa8 Rxe6+ 17. Be3 Bxb2 18. Rc1 Qb4+ 19. Qd2 Bxc1 20. Qxb4 cxb4 21. Bd5 Bxe3 22. fxe3 Kg7 23. Bxe6 Bxe6 24. Kd2 Bxa2 25. Ra1 b3 26. Kc3 a5 27. Rf1 a4 28. Kb2 Nc6 29. Rf4 Ne5 30. Rxa4 Nd3+ 31. Ka3 Bb1 32.
Rd4 Bc2 33. Rxd6 b2 0-1

[Event "Late-Titled-Tuesday-Blitz-February-06-2024"]
[Site "Chess.com"]
[Date "2024.02.06"]
[Round "5"]
[White "jsdbv18"]
[Black "terrortoast"]
[Result "1-0"]
[WhiteElo "2619"]
[BlackElo "2440"]
[TimeControl "180+1"]
[EndTime "14:54:09 PST"]
[Termination "jsdbv18 won by resignation"]

1. c4 e5 2. Nc3 Nf6 3. Nf3 Nc6 4.
e3 Bb4 5. Qc2 Bxc3 6. Qxc3 Qe7 7.
d4 Ne4 8. Qd3 exd4 9. Nxd4 Nc5 10. Qd1 Nxd4 11. Qxd4 O-O 12. Be2 b6 13. Bf3 Bb7 14.
Bxb7 Nxb7 15. O-O Nc5 16. b3 Rae8 17. Bb2 f5 18. Rfd1 d6 19. b4 Ne6 20. Qd5 Qf7 21. a4 Ng5 22. Rd4 Ne4 23. a5 Rb8 24.
axb6 axb6 25. f3 Qxd5 26. cxd5 Nf6 27. Ra7 Rfc8 28. e4 fxe4 29. fxe4 Ra8 30. Rxa8 Rxa8 31. Rc4 Ra7 32. Bxf6 gxf6 33. Kf2 Kf7 34. Kf3 Ke7 35. Kf4 Kd7 36. Rc3 Ra4 37. Rh3 Rxb4 38. Rxh7+ Kc8 39. h4 Rb2 40. Rg7 Rf2+ 41. Ke3 Rf1 42. h5 Rh1 43. g4 b5 44. Rf7 b4 45. Rxf6 b3 46. Rf2 Rh3+ 47. Kf4 Kb7 48. Kg5 Kb6 49. h6 Kc5 50. Kg6 Kd4 51. g5 Kxe4 52. Kg7 Kxd5 53. h7 c5 54. h8=Q Rxh8 55. Kxh8 c4 56. g6 c3 57. g7 1-0

[Event "Late-Titled-Tuesday-Blitz-February-06-2024"]
[Site "Chess.com"]
[Date "2024.02.06"]
[Round "5"]
[White "Chessdude1987"]
[Black "ahkashefi2800"]
[Result "0-1"]
[WhiteElo "2303"]
[BlackElo "2535"]
[TimeControl "180+1"]
[EndTime "14:54:10 PST"]
[Termination "ahkashefi2800 won on time"]

1. e4 c6 2. d4 d5 3. Nd2 dxe4 4. Nxe4 Nd7 5. Bc4 Ngf6 6. Nxf6+ Nxf6 7. Nf3 Bf5 8. O-O e6 9. Re1 Bg4 10. c3 Bd6 11. h3 Bh5 12. Bg5 Qa5 13. Bxf6 gxf6 14. g4 Rg8 15. Kf1 Bg6 16. b4 Qc7 17. Nh4 O-O-O 18. b5 c5 19. b6 axb6 20. Qa4 Kb8 21. Nxg6 hxg6 22. Rab1 Rh8 23. Re3 Bf4 24. Rf3 g5 25.
dxc5 Qxc5 26. Be2 Rd2 27. Qe4 Rhd8 28. a4 Ka7 29. a5 Qxa5 30. c4 Ra2 31. Rfb3 Rdd2 32.
Rxb6 Qxb6 33. Rxb6 Kxb6 34. Qb1+ Rab2 35. c5+ Kc7 36.
Qa1 Rxe2 37. Qa5+ Kd7 38. Qa7 Rxf2+ 39. Ke1 Be3 40. c6+ Kxc6 41. Qa4+ Kd6 42. Qa3+ Bc5 0-1

[Event "Late-Titled-Tuesday-Blitz-February-06-2024"]
[Site "Chess.com"]
[Date "2024.02.06"]
[Round "5"]
[White "Alex_Sahakyan2006"]
[Black "only_strong_moves"]
[Result "0-1"]
[WhiteElo "2878"]
[BlackElo "2663"]
[TimeControl "180+1"]
[EndTime "14:54:11 PST"]
[Termination "only_strong_moves won by checkmate"]

1. e4 e5 2. Nf3 Nc6 3. Bb5 a6 4. Ba4 Nge7 5. Nc3 Ng6 6. d3 b5 7. Bb3 Na5 8. h4 h5 9. Ng5 Nxb3 10. axb3 f6 11. Nf3 Bb7 12. d4 d5 13. Nxd5 Bxd5 14.
exd5 e4 15. Qe2 Qxd5 16. c4 Bb4+ 17. Bd2 Bxd2+ 18. Nxd2 Qxd4 19. Qxe4+ Qxe4+ 20. Nxe4 Kf7 21. Kd2 Rhd8+ 22. Kc3 Nf4 23. g3 Ne2+ 24. Kb4 bxc4 25. bxc4 Rab8+ 26. Kc5 Nd4 27. Rad1 Ne6+ 28. Kc6 Rb6# 0-1

[Event "Late-Titled-Tuesday-Blitz-February-06-2024"]
[Site "Chess.com"]
[Date "2024.02.06"]
[Round "5"]
[White "xakevicius91"]
[Black "kai_nov"]
[Result "1-0"]
[WhiteElo "2585"]
[BlackElo "2297"]
[TimeControl "180+1"]
[EndTime "14:54:16 PST"]
[Termination "xakevicius91 won on time"]

1. e4 c5 2. Nf3 Nc6 3. Bc4 e6 4. O-O d5 5. Bb5 dxe4 6. Ne5 Qc7 7. Nxc6 bxc6 8. Bc4 Bd6 9. h3 Ne7 10. Nc3 f5 11. Qe2 O-O 12. d3 exd3 13. Bxe6+ Kh8 14.
cxd3 Ng6 15. Bc4 f4 16. f3 Be5 17. Ne4 Bd4+ 18. Kh1 Nh4 19. Bd2 Nf5 20. Bxf4 Qxf4 21. g4 Nh4 22. Nd2 Bd7 23. Qh2 Bxb2 24. Rae1 Qf6 25. Ne4 Qd4 26. f4 Ng6 27. Re2 Bc3 28.
Qg3 Rae8 29. h4 Ba5 30. h5 Ne5 31. h6 Nxc4 32. hxg7+ Kxg7 33. Rh2 Ne3 34. Qh4 1-0

[Event "Late-Titled-Tuesday-Blitz-February-06-2024"]
[Site "Chess.com"]
[Date "2024.02.06"]
[Round "5"]
[White "pr1105"]
[Black "expii"]
[Result "1-0"]
[WhiteElo "2415"]
[BlackElo "2206"]
[TimeControl "180+1"]
[EndTime "14:54:16 PST"]
[Termination "pr1105 won by resignation"]

1. e4 c5 2. Nf3 d6 3. Bb5+ Bd7 4. c4 Bxb5 5. cxb5 Nf6 6. Nc3 Nbd7 7. O-O g6 8. d3 Bg7 9. Nd2 O-O 10. Nc4 Nb6 11. Re1 Nxc4 12. dxc4 Nd7 13. Qe2 a6 14. Nd5 e6 15.
Nc3 axb5 16. Nxb5 Qb6 17. Bf4 Ne5 18. b3 Rfd8 19. Rad1 Rd7 20. Rd2 Rad8 21. Red1 h6 22. Bg3 g5 23. h4 Bf6 24. Qh5 Kg7 25. f4 gxf4 26. Bxf4 Rh8 27. Rxd6 Rxd6 28. Nxd6 1-0

[Event "Late-Titled-Tuesday-Blitz-February-06-2024"]
[Site "Chess.com"]
[Date "2024.02.06"]
[Round "5"]
[White "iwanyu"]
[Black "Squirlolz"]
[Result "1-0"]
[WhiteElo "2830"]
[BlackElo "2576"]
[TimeControl "180+1"]
[EndTime "14:54:17 PST"]
[Termination "iwanyu won by resignation"]

1. d4 Nf6 2. c4 c5 3. d5 e6 4.
Nc3 exd5 5. cxd5 d6 6. Nf3 g6 7.
Bf4 Bg7 8. h3 O-O 9. e3 Re8 10.
Nd2 Nbd7 11. Be2 Ne5 12. O-O Nfd7 13. e4 Rb8 14. Bg3 g5 15. Nb5 Nb6 16. Nxa7 Bd7 17. Nb5 Bxb5 18. Bxb5 Rf8 19. a4 Ra8 20. Re1 Nbd7 21.
Nf1 f5 22. exf5 Rxf5 23. Ne3 Rf7 24. Ra3 Nf8 25. Ng4 Nfg6 26. Rae3 Qf8 27. b3 Nf4 28. Nxe5 Bxe5 29. Rxe5 dxe5 30. d6 Rf6 31. d7 Qe7 32. Qg4 h6 33. h4 Rd6 34. Bxf4 1-0

[Event "Late-Titled-Tuesday-Blitz-February-06-2024"]
[Site "Chess.com"]
[Date "2024.02.06"]
[Round "5"]
[White "AldokhinIvan"]
[Black "K_A_S_T_O_R"]
[Result "0-1"]
[WhiteElo "2620"]
[BlackElo "2881"]
[TimeControl "180+1"]
[EndTime "14:54:17 PST"]
[Termination "K_A_S_T_O_R won by resignation"]

1. e4 c5 2. Nf3 d6 3. d4 cxd4 4. Nxd4 Nf6 5. Nc3 a6 6. Bc4 e6 7. Bb3 b5 8. f3 Be7 9. Be3 O-O 10. Qd2 Qc7 11. g4 Nc6 12. g5 Nxd4 13. Bxd4 Nd7 14.
h4 Ne5 15. Qe2 b4 16. Na4 Rb8 17. f4 Nc6 18. Be3 Na5 19. O-O-O Bd7 20. Qxa6 Bxa4 21. Bxa4 Nc4 22. Bf2 Ra8 23. Qb5 Rfb8 24. Qc6 Qxc6 25. Bxc6 Rxa2 26. Kb1 Rxb2+ 27. Kc1 Ra2 28. Kb1 Ra6 29.
Bd7 Rba8 30. Bd4 e5 31. Bb5 Na3+ 0-1

[Event "Late-Titled-Tuesday-Blitz-February-06-2024"]
[Site "Chess.com"]
[Date "2024.02.06"]
[Round "5"]
[White "ninguno46"]
[Black "Cronos97"]
[Result "1-0"]
[WhiteElo "2527"]
[BlackElo "2206"]
[TimeControl "180+1"]
[EndTime "14:54:18 PST"]
[Termination "ninguno46 won by resignation"]

1. e4 c5 2. Nc3 Nc6 3. f4 g6 4.
Nf3 Bg7 5. Bb5 Nd4 6. O-O Nxb5 7.
Nxb5 a6 8. Nc3 b5 9. d3 Bb7 10. Qe1 Nf6 11. Kh1 O-O 12. Qh4 d6 13. f5 gxf5 14. Bh6 Bxh6 15. Qxh6 Ng4 16. Qg5+ Kh8 17. Qxf5 Nf6 18. Ng5 Bc8 19. Qf4 h6 20. Qh4 Kg7 21.
e5 dxe5 22. Nge4 Nxe4 23. Nxe4 f5 24. Qg3+ Kf7 25. Qxe5 e6 26. Rf3 Qd4 27. Nd6+ Ke7 28. Nxf5+ Rxf5 29. Rxf5 Qxe5 30. Rxe5 Kd6 31. Rae1 Bd7 32. R5e3 Rf8 33. Kg1 Rg8 34. Rg3 Rf8 35. Rg6 h5 36. Rf1 Re8 37. Rh6 Re7 38. Rxh5 1-0

[Event "Late-Titled-Tuesday-Blitz-February-06-2024"]
[Site "Chess.com"]
[Date "2024.02.06"]
[Round "5"]
[White "IraZyne"]
[Black "cthake"]
[Result "1-0"]
[WhiteElo "2321"]
[BlackElo "1807"]
[TimeControl "180+1"]
[EndTime "14:54:18 PST"]
[Termination "IraZyne won on time"]

1. e4 e6 2. d4 d5 3. exd5 exd5 4.
Nf3 Nf6 5. Bd3 Nc6 6. O-O Be6 7. Bg5 Be7 8. c3 Qd7 9. Nbd2 h6 10. Bf4 g5 11. Ne5 Nxe5 12. Bxe5 O-O-O 13. b4 Rhg8 14. a4 Ne4 15. Nxe4 dxe4 16. Bxe4 f5 17. Bc2 Bc4 18. Re1 f4 19. Bb3 Bxb3 20. Qxb3 Rdf8 21. b5 Qg4 22. Qc4 Bd8 23. f3 Qd7 24. a5 g4 25.
Rf1 g3 26. h3 Rg6 27. Qc5 Qe7 28. Qxa7 Kd7 29. Rae1 Qa3 30. b6 Rc6 31. Qxb7 Qxc3 32. bxc7 Bxc7 33. a6 Rb8 34. Qa7 Qa5 35. d5 1-0

[Event "Late-Titled-Tuesday-Blitz-February-06-2024"]
[Site "Chess.com"]
[Date "2024.02.06"]
[Round "5"]
[White "shirovin"]
[Black "Jamal-Jamal-Jamal"]
[Result "1-0"]
[WhiteElo "2100"]
[BlackElo "2363"]
[TimeControl "180+1"]
[EndTime "14:54:22 PST"]
[Termination "shirovin won by resignation"]

1. e4 c5 2. Nf3 Nc6 3. b4 Nxb4 4. c3 Nc6 5. d4 cxd4 6. cxd4 d5 7.
exd5 Qxd5 8. Nc3 Qd6 9. Nb5 Qb8 10. d5 Ne5 11. Bf4 Nd3+ 12. Bxd3 Qxf4 13. Rc1 Kd8 14. O-O Nf6 15. g3 Qg4 16. Be2 Qh3 17. Ne5 Bd7 18.
Nxf7+ Ke8 19. Nxh8 Rb8 20. d6 exd6 21. Nxd6+ Bxd6 22. Qxd6 Rc8 23. Rxc8+ Bxc8 24. Re1 Bd7 25. Bg4+ Kd8 26.
Bxh3 Ne8 27. Qe7+ Kc8 1-0